AoeStats
← TmZ_gazolla86

Four Lakes

509168513Analyzed
1v1 RM · 8d ago on Sep 25, 2026· 43m 35s· 2 players
Game mode
Random Map
Map size
Tiny (2 player)
Population
200
Speed
Normal
Resources
Standard
Victory
Conquest
Starting age
Dark Age
Ending age
Imperial Age
RankedLock teamsTeams togetherTeam positionsShared explorationLock speedFull tech treeHidden civsTurbo modeCheats
Victory
Defeat
🇬🇧 Lithuanians · United Kingdom
1184
+16
🇧🇷 Varangians · Brazil
1183
-16
TmZ_gazolla86
6:30 Loom
10:03 Feudal Age
13:36 Forging
14:29 Scale Barding Armor
16:07 Bloodlines
23:21 Castle Age
23:19 Horse Collar
23:25 Double-Bit Axe
26:49 Husbandry
28:09 Gold Mining
29:00 Stone Mining
29:52 Town Watch
30:43 Wheelbarrow
30:52 Iron Casting
30:40 Chain Barding Armor
38:13 Vendel Legacy
natsu
11:04 Feudal Age
12:24 Loom
15:48 Castle Age
16:56 Double-Bit Axe
19:18 Horse Collar
24:01 Fishing Lines
24:56 Pikeman
26:02 Gillnets
28:43 Bow Saw
29:33 Heavy Plow
34:12 Imperial Age
32:25 Wheelbarrow
32:41 Husbandry
32:52 Bloodlines
32:49 Scale Barding Armor
32:54 Forging
33:16 Scale Mail Armor
33:21 Squires
33:57 Arson
34:36 Hand Cart
34:07 Town Watch
35:50 Crop Rotation
36:27 Two-Man Saw
34:57 Cavalier
36:54 Halberdier
37:11 Paladin
38:54 Chain Barding Armor
39:10 Iron Casting
38:42 Fletching
40:52 Plate Barding Armor
41:15 Conscription
41:00 Tower Shields
42:54 Ballistics
42:25 Guard Tower
42:56 Bodkin Arrow
Connection lost

Rejoining the realm…

Still unreachable

The connection could not be restored.

Session expired

The server has moved on; the page needs a fresh start.